 Dungeon Crawl Stone Soup version 0.30-a0-972-gf3ab3527aa (webtiles) character file.

Game seed: 14473436268070004186

8 vishdafish the Conjurer (level 2, 19/19 HPs)
             Began as a Demonspawn Conjurer on Mar 31, 2023.
             Quit the game on level 1 of the Dungeon.
             The game lasted 00:00:20 (277 turns).

vishdafish the Conjurer (Demonspawn Conjurer)        Turns: 277, Time: 00:00:21

Health: 19/19      AC:  2    Str:  7    XL:     2   Next: 0%
Magic:  5/5        EV: 12    Int: 19    God:
Gold:   1          SH:  4    Dex: 11    Spells: 4/5 levels left

rFire   . . .      SeeInvis .    e - staff of earth
rCold   . . .      Faith    .    (no shield)
rNeg    . . .      Spirit   .    a - +0 robe
rPois   .          Reflect  .    (no helmet)
rElec   .          Rampage  .    (no cloak)
rCorr   .                        (no gloves)
Will    .....                    (no boots)
Stlth   ++                       (no amulet)
HPRegen 0.23/turn                (no ring)
MPRegen 0.09/turn                (no ring)

@: no status effects
A: condensation shield
a: no special abilities


You were on level 1 of the Dungeon.
You visited 1 branch of the dungeon, and saw 1 of its levels.

You collected 1 gold pieces.

Inventory:

Armour
 a - a +0 robe (worn)
Magical Staves
 e - a staff of earth (weapon)
Scrolls
 f - a scroll of blinking {unknown}
 g - a scroll of identify {unknown}
Potions
 b - a potion of magic
 c - a potion of resistance {unknown}
 d - a potion of degeneration {unknown}


   Skills:
 - Level 1.7 Dodging
 - Level 1.7 Stealth
 + Level 2.3 Spellcasting
 + Level 4.2 Conjurations


You had 4 spell levels left.
You knew the following spells:

 Your Spells              Type           Power      Damage    Failure   Level
a - Magic Dart            Conj           72%        1d6       3%          1

Your spell library contained the following spells:

 Spells                   Type           Power      Damage    Failure   Level
 Searing Ray              Conj           36%        2d5       4%          2
 Dazzling Flash           Conj/Hex       20%        N/A       21%         3
 Fulminant Prism          Conj/Hex       5%         3d6       56%         4
 Iskenderun's Mystic Bla  Conj/Tloc      10%        2d4       56%         4


Dungeon Overview and Level Annotations

Branches:
Dungeon (1/15)

Altars:


Innate Abilities, Weirdness & Mutations

A meltable shield of frost defends you. (SH +4)


Message History

The magic dart hits the frilled lizard.
You kill the frilled lizard!
You can't see any susceptible monsters within range! (Use Z to cast anyway.)
You can't see any susceptible monsters within range! (Use Z to cast anyway.)
You see here a staff of earth.
e - a staff of earth
e - a staff of earth (weapon)
A ball python comes into view.
A ball python is nearby!
A ball python is nearby!
A ball python is nearby!
A ball python is nearby!
The magic dart hits the ball python.
The ball python is moderately wounded.
The ball python hisses angrily.
The magic dart hits the ball python.
You kill the ball python!
You can't see any susceptible monsters within range! (Use Z to cast anyway.)
f - a scroll labelled YRCHEZ ELIROIRO A bat comes into view.
A bat is nearby!
A bat is nearby!
A bat is nearby!
The magic dart hits the bat.
You kill the bat!
You can't see any susceptible monsters within range! (Use Z to cast anyway.)
You can't see any susceptible monsters within range! (Use Z to cast anyway.)
You see here a ball python corpse.
A rat comes into view.
A rat is nearby!
A rat is nearby!
The magic dart hits the rat.
You kill the rat!
You have reached level 2!
Your demonic ancestry asserts itself...
Frost condenses into a shield before you.
g - a scroll labelled PAAM DOUFF You now have 1 gold piece.
A kobold comes into view. It is wielding a +0 short sword.
Are you sure you want to abandon this character and quit the game? (Confirm with "yes".)

.......###.........##....#...#..#
.......# ########.###....#.......
.......# #.# #############
...†...# #.. . .......# #.## ##
.......###### .#
............#####.####
.†.....####.#........#
.......##.......@....#
#########.#.#.#.#.#..#
#.#.#.#.#.# # #.#.#.#.#.#
#.#.#.#.#.# #.#.#.#.#.#
#........K. ###########


You could see a kobold (asleep).

Vanquished Creatures
  2 goblins (D:1)
  A hobgoblin (D:1)
  2 ball pythons (D:1)
  A bat (D:1)
  2 frilled lizards (D:1)
  A rat (D:1)
9 creatures vanquished.

Notes
Turn   | Place    | Note
-------+----------+-------------------------------------------
     0 | D:1      | vishdafish the Demonspawn Conjurer began the quest for the
                  | Orb.
     0 | D:1      | Reached XP level 1. HP: 13/13 MP: 3/3
   230 | D:1      | Gained mutation: A meltable shield of frost defends you.
                  | (SH +4) [demonic ancestry]
   230 | D:1      | Reached XP level 2. HP: 19/19 MP: 3/5
   277 | D:1      | Quit the game

Illustrated notes

Levels and vault maps discovered:
D:1:      lemuel_arrival_funnel, layout_basic,
          dreamdust_ecumenical_altar_drowned_temple, st_stairs_9,
          minmay_misc_feat_pillars, minmay_misc_feat_rows, amethyst_killhole

Action                     || total
---------------------------++-------
   Cast: Magic Dart        ||    12

Table legend: (Time is in decaauts)
 A = Elapsed time spent in this place.
 B = Non-inter-level travel time spent in this place.
 C = Inter-level travel time spent in this place.
 D = Time resting spent in this place.
 E = Time spent auto-exploring this place.
 F = Levels seen in this place.
 G = Mean time per level.
                   A        B        C        D        E       F      G
               +--------+--------+--------+--------+--------+-----+--------+
         Total |    276 |    276 |      0 |      0 |    239 |   1 |  276.0 |
       Dungeon |    276 |    276 |      0 |      0 |    239 |   1 |  276.0 |
               +--------+--------+--------+--------+--------+-----+--------+

Top non-repeatable levels by time:
     D:1: 276 daAuts
